 Dungeon Crawl Stone Soup version 0.31-a0-7-g51783674b7 (webtiles) character file.

Game seed: 15923643089011141100

1060 Maxmaps the Skirmisher (level 8, 0/56 HPs)
             Began as a Demonspawn Hunter on May 5, 2023.
             Succumbed to a scorpion's poison
             ... on level 4 of the Dungeon.
             The game lasted 00:06:32 (4526 turns).

Maxmaps the Skirmisher (Demonspawn Hunter)          Turns: 4526, Time: 00:06:33

Health: 0/56       AC:  6    Str: 11 (12) XL:     8   Next: 6%
Magic:  8/8        EV: 11    Int: 12 (14) God:
Gold:   179        SH:  0    Dex: 16 (17) Spells: 7/7 levels left

rFire   . . .        a - +1 shortbow
rCold   . . .        (shield currently unavailable)
rNeg    . . .        c - +1 leather armour
rPois   .            (helmet restricted)
rElec   .            h - +0 cloak
rCorr   .            (no gloves)
SInv    .            f - +0 pair of boots
Will    .....        (no amulet)
Stlth   +            l - ring of flight
HPRegen 0.29/turn    (no ring)
MPRegen 0.11/turn

%: no passive effects
@: lethally poisoned (0 -> -4), flying
A: horns 1, powered by pain 2, big brain 1
a: no special abilities


You were on level 4 of the Dungeon.
You visited 1 branch of the dungeon, and saw 5 of its levels.
You also visited: Ossuary.

You collected 179 gold pieces.

Inventory:

Hand Weapons
 a - a +1 shortbow (weapon)
 q - the +3 sling "Wetibale" {speed, rCorr Str-2 Dex+7}
   (You found it on level 5 of the Dungeon)

   Str:       It affects your strength (-2).
   Dex:       It affects your dexterity (+7).
   rCorr:     It protects you from acid and corrosion.
Missiles
 u - a throwing net
Armour
 c - a +1 leather armour (worn)
 f - a +0 pair of boots (worn)
 h - a +0 cloak (worn)
 n - the +6 chain mail of the Trombone {rC+ rN+ Will+ SInv}
   (You found it on level 2 of the Dungeon)

   rC:        It protects you from cold.
   rN:        It protects you from negative energy.
   SInv:      It lets you see invisible.
   Will:      It increases your willpower.
Jewellery
 e - a ring of protection from cold
 l - a ring of flight (left hand)
 m - a ring of fire
Wands
 j - a wand of mindburst (16)
 r - a wand of flame (15)
Scrolls
 b - 5 scrolls of immolation
 i - a scroll of enchant weapon
Potions
 o - a potion of magic
 p - a potion of attraction
 s - a potion of mutation
 v - 2 potions of brilliance


   Skills:
 - Level 2.0 Fighting
 + Level 9.4 Ranged Weapons
 - Level 1.7 Dodging
 - Level 0.8 Stealth


You had 7 spell levels left.
You didn't know any spells.
Your spell library contained the following spells:

 Spells                   Type           Power      Damage    Failure   Level
 Apportation              Tloc           0%         N/A       41%         1
 Beastly Appendage        Tmut           0%         N/A       41%         1
 Necrotise                Necr           0%         1d4       41%         1
 Summon Small Mammal      Summ           0%         N/A       41%         1
 Wereblood                Tmut           0%         N/A       54%         2
 Spider Form              Tmut/Pois      0%         N/A       78%         3


Dungeon Overview and Level Annotations

Branches:
Dungeon (5/15)            Ossuary (visited)
 Temple: D:4-7

Altars:
Makhleb
Okawaru
Vehumet
Wu Jian
Yredelemnul


Innate Abilities, Weirdness & Mutations

You have a pair of small horns on your head.
You sometimes gain power by taking damage.
You have an unusually large brain. (Int +2)


Message History

The scorpion closely misses you.
Unknown command.
Fire: a) +1 shortbow
Press: ? - help, Shift-Dir - straight line, f/p - scorpion
Aim: a scorpion (moderately wounded, 66% to hit)
You shoot an arrow. The arrow closely misses the scorpion.
The scorpion stings you.
* * * LOW HITPOINT WARNING * * *
You are lethally poisoned!
The scorpion poisons you!
Fire: a) +1 shortbow
Press: ? - help, Shift-Dir - straight line, f/p - scorpion
Aim: a scorpion (moderately wounded, 66% to hit)
You shoot an arrow. The arrow closely misses the scorpion.
* * * LOW HITPOINT WARNING * * *
You feel very sick.
The scorpion stings you but does no damage.
Fire: a) +1 shortbow
Press: ? - help, Shift-Dir - straight line, f/p - scorpion
Aim: a scorpion (moderately wounded, 66% to hit)
You shoot an arrow.
The arrow hits the scorpion but does no damage.
The scorpion is moderately wounded.
* * * LOW HITPOINT WARNING * * *
You feel sick. The scorpion misses you. The scorpion stings you.
* * * LOW HITPOINT WARNING * * *
It was a potion of magic.
Magic courses through your body.
* * * LOW HITPOINT WARNING * * *
You feel sick. The scorpion misses you.
It was a potion of cancellation.
Your magical effects are unravelling.
You feel magically purged.
You feel a little less agile now.
* * * LOW HITPOINT WARNING * * *
You feel sick.
The scorpion stings you but does no damage.
It was a potion of degeneration.
There was something very wrong with that liquid.
You feel weakened.
You feel dopey.
You feel clumsy.
You die...

# ##..## ##..## ##..
##..## ##..## #...
##..### ##..## ##.[.
##...## ##..## #....
##...# ##..## ##)...
##..## ##..## #.)...
#########...###
##..###.....
##.............###
##.........
................@###
##........
................s..##
##.......
....................#
###.....
....................#
###...
..........(.........#
####
....................##
.....................##
...............####...##
...........##### ###..##


You could see a scorpion.

Vanquished Creatures
  Grinder (D:3)
  A scorpion (D:4)
  6 water moccasin zombies (Ossuary)
  An orc priest (D:5)
  Terence (D:3)
  3 orc wizards
  Natasha (thrice) (D:2)
  2 iguanas
  3 mummies
  4 gnolls (D:3)
  4 adders
  2 white imps (D:5)
  4 adder zombies (Ossuary)
  3 orcs (D:4)
  6 ball pythons
  4 bats
  8 endoplasms
  A giant cockroach (D:3)
  8 goblins
  7 hobgoblins
  3 quokkas
  4 frilled lizards
  6 gnoll zombies (Ossuary)
  3 hobgoblin zombies
  7 kobolds
  6 kobold zombies
  2 orc zombies (Ossuary)
  2 rats
105 creatures vanquished.

Notes
Turn   | Place    | Note
-------+----------+-------------------------------------------
     0 | D:1      | Maxmaps the Demonspawn Hunter began the quest for the Orb.
     0 | D:1      | Reached XP level 1. HP: 16/16 MP: 1/1
    78 | D:1      | Reached skill level 4 in Ranged Weapons
   132 | D:1      | Gained mutation: You sometimes gain a little power by
                  | taking damage. [demonic ancestry]
   132 | D:1      | Reached XP level 2. HP: 22/22 MP: 2/2
   354 | D:1      | Found a faded altar of an unknown god.
   544 | D:2      | Noticed Natasha
   551 | D:2      | Killed Natasha
   552 | D:2      | Gained mutation: You have an unusually large brain. (Int
                  | +2) [demonic ancestry]
   552 | D:2      | Reached XP level 3. HP: 27/27 MP: 3/3
   563 | D:2      | Noticed Natasha
   568 | D:2      | Killed Natasha
   569 | D:2      | Reached skill level 5 in Ranged Weapons
   569 | D:2      | Reached XP level 4. HP: 17/33 MP: 4/4
   649 | D:2      | Identified the +6 chain mail of the Trombone {rC+ rN+ Will+
                  | SInv}
  1248 | D:2      | Noticed Natasha
  1254 | D:2      | Killed Natasha
  1665 | D:3      | Gained mutation: You have a pair of small horns on your
                  | head. [demonic ancestry]
  1665 | D:3      | Reached XP level 5. HP: 38/38 MP: 5/5
  1715 | D:3      | Found a basalt altar of Yredelemnul.
  1719 | D:3      | Found a burning altar of Makhleb.
  1722 | D:3      | Found a radiant altar of Vehumet.
  1722 | D:3      | Found an ornate altar of the Wu Jian Council.
  1870 | D:3      | HP: 1/38 [gnoll/+0 flail (10)]
  1878 | D:3      | Reached skill level 6 in Ranged Weapons
  2163 | D:3      | Noticed Grinder
  2168 | D:3      | Paralysed by Grinder for 5 turns
  2194 | D:3      | Killed Grinder
  2195 | D:3      | Reached skill level 7 in Ranged Weapons
  2195 | D:3      | Reached XP level 6. HP: 28/44 MP: 6/6
  2353 | D:3      | Noticed Terence
  2360 | D:3      | Killed Terence
  2691 | D:4      | Found a sand-covered staircase.
  2703 | Ossuary  | Entered an ossuary
  2744 | Ossuary  | Gained mutation: You sometimes gain power by taking damage.
                  | [demonic ancestry]
  2744 | Ossuary  | Reached XP level 7. HP: 28/50 MP: 7/7
  2954 | Ossuary  | Reached skill level 8 in Ranged Weapons
  3453 | D:4      | Found an iron altar of Okawaru.
  3806 | D:4      | Reached skill level 9 in Ranged Weapons
  4241 | D:5      | Entered Level 5 of the Dungeon
  4294 | D:5      | Reached XP level 8. HP: 56/56 MP: 8/8
  4458 | D:5      | Identified the +3 sling "Wetibale" {speed, rCorr Str-2
                  | Dex+7}
  4524 | D:4      | HP: 2/56 [poisoned by a scorpion]
  4526 | D:4      | Succumbed to a scorpion's poison

Illustrated notes

Levels and vault maps discovered:
D:1:      zaba_arrival_water, layout_basic,
          hellmonk_ecumenical_altar_leap_of_faith, minmay_misc_feat_columns
D:2:      layout_basic, kennysheep_another_room, minivault_5, uniq_natasha
D:3:      layout_loops_ring, nicolae_overflow_hallway_of_the_gods, uniq_terence,
          uniq_grinder
D:4:      layout_layer_cave, mainiacjoe_overflow_six_doors_small,
          nicolae_ossuary_entry_giza
D:5:      layout_cave_pools, temple_hall, kennysheep_doodads,
          lemuel_flamethrower_2

Skill      XL: |  1  2  3  4  5  6  7 |
---------------+----------------------+-----
Ranged Weapons | 4 5 7 9 |  9.4
Fighting       | |  2.0
Dodging        | |  1.7
Stealth        | |  0.8

Action                     |  1- 3 |  4- 6 |  7- 9 || total
---------------------------+-------+-------+-------++-------
   Fire: Shortbow          |    51 |   144 |   200 ||   395
    Use: Potion            |       |     5 |     6 ||    11
         Scroll            |       |    10 |     3 ||    13
 Armour: Leather armour    |     3 |    20 |    45 ||    68
         Skin              |       |     6 |     6 ||    12
  Dodge: Dodged            |    12 |    47 |    80 ||   139

Table legend: (Time is in decaauts)
 A = Elapsed time spent in this place.
 B = Non-inter-level travel time spent in this place.
 C = Inter-level travel time spent in this place.
 D = Time resting spent in this place.
 E = Time spent auto-exploring this place.
 F = Levels seen in this place.
 G = Mean time per level.
                   A        B        C        D        E       F      G
               +--------+--------+--------+--------+--------+-----+--------+
         Total |   4600 |   4444 |    156 |    730 |   2906 |   6 |  766.7 |
       Dungeon |   4013 |   3857 |    156 |    415 |   2814 |   5 |  802.6 |
       Ossuary |    587 |    587 |      0 |    315 |     92 |   1 |  587.0 |
               +--------+--------+--------+--------+--------+-----+--------+

Top non-repeatable levels by time:
     D:2: 1092 daAuts
     D:3: 1070 daAuts
     D:4: 1037 daAuts
 Ossuary: 587 daAuts
     D:1: 536 daAuts
     D:5: 276 daAuts
